[Event "European Amateur-ch U2000 2019"]
[Site "Rhodes"]
[Date "2019.04.14"]
[Round "9.1"]
[White "Demirbas, Emre"]
[Black "Flis, Pawel"]
[Result "1-0"]
[ECO "B25"]
[WhiteElo "1960"]
[BlackElo "1903"]
[Annotator "NA"]
[PlyCount "77"]
[EventDate "2019.04.06"]
[EventType "swiss"]
[EventCountry "GRE"]
[SourceTitle "playchess.com"]
[Source "ChessBase"]
[SourceQuality "1"]
[TimeControl "40/5400+30:1800+30"]

1. e4 c5 2. Nc3 d6 3. g3 Nc6 4. Bg2 g6 5. d3 Bg7 6. f4 e6 7. Nf3 Nge7 8. Be3 Nd4 9. O-O O-O 10. Rb1 Rb8 11. Ne2 Nxf3+ 12. Bxf3 Nc6 13. c3 b6 14. d4 cxd4 15. Nxd4 Ne7 16. Nb5 d5 17. exd5 exd5 18. Bd4 Bf5 19. Bxg7 Kxg7 20. Qd4+ Kg8 21. Rbd1 a6 22. Na3 Qc7 23. Rfe1 Rbd8 24. g4 Be6 25. Nc2 Nc6 26. Qd2 d4 27. Bxc6 Qxc6 28. Nxd4 Qc5 29. b4 Qc4 30. f5 Bc8 31. f6 Kh8 32. Qh6 Rg8 33. g5 Bg4 34. Rc1 Qxa2 35. Re4 Bh5 36. Rce1 Qa4 37. Re7 Rdf8 38. Ne6 fxe6 39. Qxh7# 1-0

[Event "European Amateur-ch U2000 2019"]
[Site "Rhodes"]
[Date "2019.04.14"]
[Round "9.3"]
[White "Krzysztynska, Anna"]
[Black "Kostov, Deyan Samuil"]
[Result "1/2-1/2"]
[ECO "A48"]
[WhiteElo "1844"]
[BlackElo "1830"]
[Annotator "NA"]
[PlyCount "50"]
[EventDate "2019.04.06"]
[EventType "swiss"]
[EventCountry "GRE"]
[SourceTitle "playchess.com"]
[Source "ChessBase"]
[SourceQuality "1"]
[TimeControl "40/5400+30:1800+30"]

1. d4 Nf6 2. Bf4 d6 3. Nf3 g6 4. e3 Bg7 5. Be2 O-O 6. h3 Nbd7 7. O-O c5 8. c3 b6 9. Na3 Bb7 10. Re1 a6 11. Nc2 Qc7 12. Bh2 Rac8 13. Nd2 Rfd8 14. Bf3 Bxf3 15. Nxf3 e5 16. Qe2 c4 17. Rad1 Ne4 18. Nd2 Nxd2 19. Qxd2 a5 20. f3 Nf8 21. Qf2 Ne6 22. Kh1 f5 23. Rf1 b5 24. a3 Rd7 25. Qe2 Rcd8 1/2-1/2

[Event "European Amateur-ch U2000 2019"]
[Site "Rhodes"]
[Date "2019.04.14"]
[Round "9.7"]
[White "Zanfir, Iulian"]
[Black "Zakharov, Denis"]
[Result "1-0"]
[ECO "A48"]
[WhiteElo "1699"]
[BlackElo "1889"]
[Annotator "NA"]
[PlyCount "63"]
[EventDate "2019.04.06"]
[EventType "swiss"]
[EventCountry "GRE"]
[SourceTitle "playchess.com"]
[Source "ChessBase"]
[SourceQuality "1"]
[TimeControl "40/5400+30:1800+30"]

1. d4 d6 2. Nf3 Nf6 3. h3 g6 4. Bf4 Bg7 5. e3 O-O 6. Be2 Nbd7 7. O-O Re8 8. c4 e5 9. Bh2 e4 10. Nfd2 Nf8 11. Nc3 h5 12. Qc2 Bf5 13. b4 Ne6 14. Qb3 Ng5 15. c5 a6 16. cxd6 cxd6 17. b5 Nfh7 18. Kh1 Nf6 19. Rac1 Qd7 20. Nd5 Bxh3 21. Nxf6+ Bxf6 22. gxh3 Qxh3 23. Rg1 Rec8 24. Rb1 axb5 25. Rbf1 Rc7 26. f4 exf3 27. Nxf3 Nxf3 28. Rxf3 Qh4 29. Rf4 Rac8 30. Rxh4 Bxh4 31. Rxg6+ Kh8 32. Rg1 1-0

[Event "European Amateur-ch U2000 2019"]
[Site "Rhodes"]
[Date "2019.04.14"]
[Round "9.8"]
[White "Wlogalski, Olivier"]
[Black "Petukhov, Igor"]
[Result "1-0"]
[ECO "A29"]
[WhiteElo "1853"]
[BlackElo "1819"]
[Annotator "NA"]
[PlyCount "71"]
[EventDate "2019.04.06"]
[EventType "swiss"]
[EventCountry "GRE"]
[SourceTitle "playchess.com"]
[Source "ChessBase"]
[SourceQuality "1"]
[TimeControl "40/5400+30:1800+30"]

1. c4 e5 2. Nc3 Nf6 3. Nf3 Nc6 4. d3 Be7 5. g3 d5 6. cxd5 Nxd5 7. Bd2 Be6 8. Bg2 f6 9. O-O Nb6 10. a3 O-O 11. Rc1 Nd4 12. Nxd4 exd4 13. Na4 Nxa4 14. Qxa4 c6 15. Bb4 Re8 16. Bxe7 Rxe7 17. Rc5 Bf7 18. Bf3 Qd6 19. Rfc1 h5 20. Bxh5 Bxh5 21. Rxh5 g6 22. Rh4 Rd8 23. Qxa7 g5 24. Re4 Rc7 25. Rc5 Rh7 26. Qb6 Rb8 27. Rf5 Kg7 28. Qxd4 Qxd4 29. Rxd4 Kg6 30. Ra5 b6 31. Ra6 c5 32. Re4 Rbh8 33. h4 gxh4 34. Rxh4 Rxh4 35. gxh4 Rxh4 36. Rxb6 1-0

[Event "European Amateur-ch U2000 2019"]
[Site "Rhodes"]
[Date "2019.04.14"]
[Round "9.9"]
[White "Mohnblatt, Nicolas"]
[Black "Minko, Olga"]
[Result "1/2-1/2"]
[ECO "D05"]
[WhiteElo "1685"]
[BlackElo "1833"]
[Annotator "NA"]
[PlyCount "81"]
[EventDate "2019.04.06"]
[EventType "swiss"]
[EventCountry "GRE"]
[SourceTitle "playchess.com"]
[Source "ChessBase"]
[SourceQuality "1"]
[TimeControl "40/5400+30:1800+30"]

1. d4 d5 2. Nf3 Nf6 3. e3 e6 4. Bd3 c5 5. c3 Nbd7 6. Nbd2 Be7 7. Qe2 O-O 8. e4 dxe4 9. Nxe4 Qc7 10. Bg5 Re8 11. h4 e5 12. dxe5 Nxe5 13. Nxe5 Qxe5 14. Nxf6+ Bxf6 15. Bxf6 Qxe2+ 16. Bxe2 gxf6 17. f3 Bf5 18. Kf2 Rad8 19. Rad1 Bc2 20. Rxd8 Rxd8 21. Rc1 Ba4 22. b3 Bc6 23. Rc2 a5 24. a3 Rd5 25. Ke3 Kf8 26. Rd2 Re5+ 27. Kf2 Ke7 28. f4 Rd5 29. Rxd5 Bxd5 30. b4 cxb4 31. cxb4 axb4 32. axb4 Kd6 33. g3 Be6 34. Bf3 b6 35. Ke3 f5 36. Kd4 f6 37. Be2 Kc6 38. Bd3 h6 39. Be2 Kd6 40. Bd3 Kc6 41. Be2 {[%emt 0:00:23] Kd5+ [%emt 00:00:12]} 1/2-1/2